 Dungeon Crawl Stone Soup version 0.21-a0-228-g14ccbf3 (webtiles) character file.

3723 FrankyJ the Nimble (level 10, -6/63 HPs)
             Began as a Halfling Fighter on Sept 1, 2017.
             Was a Believer of Wu Jian.
             Mangled by Pikel
             ... wielding a +2 whip of electrocution
              (9 damage)
             ... on level 8 of the Dungeon.
             The game lasted 00:25:02 (9222 turns).

FrankyJ the Nimble (Halfling Fighter)               Turns: 9222, Time: 00:25:02

Health: -6/63      AC:  6    Str: 22    XL:     10   Next: 36%
Magic:  17/17      EV: 22    Int:  8    God:    Wu Jian [**....]
Gold:   262        SH: 11    Dex: 20    Spells: 16/19 levels left

rFire    . . .     SeeInvis .   v - +7 dagger "Janleler" {holy, Dex+4}
rCold    . . .     Gourm    .   c - +0 shield
rNeg     . . .     Faith    .   i - +1 animal skin
rPois    .         Spirit   .   j - +0 helmet
rElec    .         Reflect  .   p - +0 cloak
rCorr    .         Harm     .   o - +0 pair of gloves
MR       .....                  (no boots)
Stlth    ++........             y - amulet of rage
HPRegen  0.20/turn              u - +5 ring of strength
MPRegen  0.15/turn              (no ring)

@: no status effects
A: mutation resistance 1
a: Renounce Religion, Evoke Berserk Rage


You were on level 8 of the Dungeon.
You worshipped Wu Jian.
Wu Jian was pleased with you.
You were hungry.

You visited 2 branches of the dungeon, and saw 10 of its levels.

You collected 262 gold pieces.

Inventory:

Hand Weapons
 a - a +1 long sword
 l - a +1 dagger of venom
 v - the +7 dagger "Janleler" (weapon) {holy, Dex+4}
   (You found it on level 5 of the Dungeon)

   It has been blessed by the Shining One to cause great damage to the undead
   and demons.
   It affects your dexterity (+4).
 A - a +0 rapier
Missiles
 q - 13 tomahawks (quivered)
Armour
 b - a +0 scale mail
 c - a +0 shield (worn)
 i - a +1 animal skin (worn)
 j - a +0 helmet (worn)
 o - a +0 pair of gloves (worn)
 p - a +0 cloak (worn)
 r - a +0 scale mail
 s - a +0 plate armour
Jewellery
 u - a +5 ring of strength (left hand)
 y - an amulet of rage (around neck)
 C - a cursed ring of loudness {unknown}
 L - an uncursed ring of resist corrosion {unknown}
Wands
 M - a wand of flame (19/48)
Scrolls
 e - 5 scrolls of teleportation
 t - 5 scrolls of remove curse
 G - 6 scrolls of identify
 H - a scroll of magic mapping
 J - a scroll of fog
 K - a scroll of enchant armour {unknown}
Potions
 d - 2 potions of might
 n - 2 potions of lignification
 x - a potion of heal wounds
 z - a potion of mutation {unknown}
 B - 4 potions of curing
 E - a potion of agility {unknown}
 F - a potion of flight {unknown}
 I - a potion of haste {unknown}
Books
 g - a book of Maledictions

   Spells                             Type                      Level
   a - Corona                         Hexes                        1
   b - Ensorcelled Hibernation        Hexes/Ice                    2
   c - Confuse                        Hexes                        3
   d - Tukima's Dance                 Hexes                        3
   e - Dazzling Spray                 Conjuration/Hexes            3
 k - a book of Misfortune

   Spells                             Type                      Level
   a - Confusing Touch                Hexes                        1
   b - Confuse                        Hexes                        3
   c - Gell's Gravitas                Translocation                3
   d - Petrify                        Transmutation/Earth          4
   e - Metabolic Englaciation         Hexes/Ice                    5
   f - Yara's Violent Unravelling     Hexes/Transmutation          5
 m - a book of Changes

   Spells                             Type                      Level
   a - Beastly Appendage              Transmutation                1
   b - Sticks to Snakes               Transmutation                2
   c - Spider Form                    Transmutation/Poison         3
   d - Ice Form                       Ice/Transmutation            4
   e - Blade Hands                    Transmutation                5
 D - a book of Minor Magic

   Spells                             Type                      Level
   a - Magic Dart                     Conjuration                  1
   b - Blink                          Translocation                2
   c - Call Imp                       Summoning                    2
   d - Slow                           Hexes                        2
   e - Conjure Flame                  Conjuration/Fire             3
   f - Mephitic Cloud                 Conjuration/Poison/Air       3
Comestibles
 f - 9 bread rations
 h - 2 royal jellies
 w - 3 meat rations
 N - 4 fruits


   Skills:
 - Level 4.0 Fighting
 + Level 4.2(4.5) Short Blades
 - Level 2.0(3.0) Long Blades
 - Level 4.1 Armour
 - Level 11.1 Dodging
 - Level 4.1 Shields
 - Level 5.0 Spellcasting
 - Level 3.0 Hexes


You had 16 spell levels left.
You knew the following spells:

 Your Spells              Type           Power        Failure   Level  Hunger
a - Confusing Touch       Hex            #.....       34%         1    #......
b - Ensorcelled Hibernat  Hex/Ice        #.....       69%         2    ##.....


Dungeon Overview and Level Annotations

Branches:
Dungeon (9/15)             Temple (1/1) D:4
   Lair: D:8-11         Orc: D:9-12

Altars:
Ashenzari
Cheibriados
Dithmenos
Elyvilon
Fedhas
Gozag
Hepliaklqana
Kikubaaqudgha
Makhleb
Nemelex Xobeh
Okawaru
Qazlal
Ru
Sif Muna
Trog
Vehumet
Wu Jian
Xom
Yredelemnul
Zin
The Shining One

Shops:
D:4 :   D:7 =

Annotations:
D:5 Menkaure
D:8 Pikel


Innate Abilities, Weirdness & Mutations

You are small and have problems with some larger weapons.
You are somewhat resistant to further mutation.


Message History

The slave hits you! Pikel completely misses you.
You hit Pikel but do no damage.
Pikel is almost dead.
You block the slave's attack.
Pikel hits you with a whip of electrocution.
You fail to use your ability.
You block the slave's attack.
Pikel hits you with a whip of electrocution.
* * * LOW HITPOINT WARNING * * *
You are electrocuted!
* * * LOW HITPOINT WARNING * * *
You hit Pikel.
Pikel is almost dead.
The slave misses you.
Pikel hits you with a whip of electrocution.
* * * LOW HITPOINT WARNING * * *
You hit Pikel.
Pikel is almost dead.
The slave hits you but does no damage.
Pikel hits you with a whip of electrocution!
You die...

........###..)..## ##.....#.....
...#..........#[[#
##....<.###...
...#...####.#..#.###.......#
#...
..##....###.#..............#
####
...##.....#.#.#............#
...##.##..#.#...#).###.....##
...##.##....#..##>.###......##
......##....#.##pK..##.......###
...#..#####...##@##..#.....#...#
..##..# #...(......[.........#
.###..## #.#..[.[#............##
## #...# #.#.!..................
##..####.....##...............
##..#.......###...............
#...........###...............
#.#..........##........(......
#.#.......[..###..............


You could see Pikel and a slave.

Vanquished Creatures
  A two-headed ogre (D:8)
  A hippogriff (D:6)
  2 ice beasts
  A sky beast (D:8)
  A black bear (D:7)
  8 ogres
  An orc warrior (D:7)
  5 bullfrogs
  A water moccasin zombie (D:8)
  A scorpion (D:6)
  6 killer bees
  4 wights (D:8)
  2 crimson imps (D:7)
  A bullfrog skeleton (D:7)
  5 hounds
  6 orc wizards
  2 orc priests
  A centaur skeleton (D:8)
  An iguana (D:8)
  4 worker ants
  A killer bee zombie (D:7)
  2 hound skeletons (D:4)
  Robin (D:2)
  8 adders
  2 shadow imps
  An ooze (D:2)
  An adder zombie (D:8)
  An adder skeleton (D:8)
  2 worms
  2 dart slugs (D:1)
  5 leopard geckos
  33 orcs
  4 bats
  2 giant cockroaches
  20 goblins
  11 hobgoblins
  7 jackals
  9 quokkas
  A ball python (D:4)
  4 frilled lizards
  A jackal skeleton (D:7)
  4 kobolds
  11 rats
  A spectral orc (D:2)
188 creatures vanquished.

Notes
Turn   | Place    | Note
-------+----------+-------------------------------------------
     0 | D:1      | FrankyJ the Halfling Fighter began the quest for the Orb.
     0 | D:1      | Reached XP level 1. HP: 15/15 MP: 1/1
    68 | D:1      | Reached XP level 2. HP: 16/20 MP: 2/2
   137 | D:1      | Reached skill level 1 in Dodging
   246 | D:1      | Learned a level 1 spell: Confusing Touch
   258 | D:1      | Reached XP level 3. HP: 20/25 MP: 3/3
  1062 | D:2      | Reached skill level 2 in Dodging
  1062 | D:2      | Reached XP level 4. HP: 24/31 MP: 4/4
  1103 | D:2      | Found an ancient bone altar of Kikubaaqudgha.
  1272 | D:2      | Found a basalt altar of Yredelemnul.
  1791 | D:2      | Noticed Robin
  1926 | D:2      | Killed Robin
  1926 | D:2      | Reached XP level 5. HP: 35/36 MP: 5/5
  3075 | D:3      | Reached skill level 3 in Dodging
  3169 | D:4      | Reached skill level 1 in Short Blades
  3169 | D:4      | Reached XP level 6. HP: 39/43 MP: 6/6
  3260 | D:4      | Found a shadowy altar of Dithmenos.
  3665 | D:4      | Found Kaumyla's Book Emporium.
  3722 | D:4      | Found a staircase to the Ecumenical Temple.
  3743 | Temple   | Entered the Ecumenical Temple
  3869 | Temple   | Became a worshipper of the Wu Jian Council
  4022 | D:4      | Noticed an ogre
  4026 | D:4      | Noticed an ogre
  4234 | D:3      | Reached skill level 4 in Dodging
  4621 | D:4      | Reached XP level 7. HP: 32/48 MP: 7/7
  4969 | D:3      | Reached skill level 5 in Dodging
  5250 | D:5      | Entered Level 5 of the Dungeon
  5252 | D:5      | Got a jewelled dagger
  5269 | D:4      | Identified the +7 dagger "Janleler" {holy, Dex+4} (You found it on level 5 of the Dungeon)
  5289 | D:5      | Reached * piety under Wu Jian
  5462 | D:5      | Noticed Menkaure
  5463 | D:5      | Noticed a hungry ghost
  5562 | D:6      | Reached skill level 6 in Dodging
  5562 | D:6      | Reached XP level 8. HP: 54/54 MP: 8/8
  5596 | D:6      | Reached skill level 7 in Dodging
  6147 | D:6      | Reached skill level 8 in Dodging
  6342 | D:6      | Reached skill level 9 in Dodging
  6662 | D:7      | Reached XP level 9. HP: 54/58 MP: 9/9
  6802 | D:7      | Reached skill level 10 in Dodging
  6834 | D:7      | Found an opulent altar of Gozag.
  7017 | D:7      | Noticed a hippogriff
  7047 | D:6      | Killed a hippogriff
  7661 | D:7      | Reached skill level 11 in Dodging
  7691 | D:7      | Found Ahiben's Jewellery Emporium.
  7971 | D:7      | Reached skill level 1 in Hexes
  8098 | D:7      | Reached ** piety under Wu Jian
  8383 | D:8      | Reached skill level 1 in Spellcasting
  8518 | D:8      | Found a bloodstained altar of Trog.
  8580 | D:8      | Learned a level 2 spell: Ensorcelled Hibernation
  8585 | D:8      | Noticed a two-headed ogre
  8598 | D:8      | Killed a two-headed ogre
  8598 | D:8      | Reached XP level 10. HP: 63/63 MP: 12/16
  9001 | D:8      | Reached skill level 5 in Spellcasting
  9202 | D:9      | Noticed Pikel
  9221 | D:8      | HP: 3/63 [Pikel/whip of electrocution (3)]
  9222 | D:8      | Mangled by Pikel

Vault maps used:
D:1:      minmay_arrival_glassed_features, minivault_5, minivault_11,
          glass_columns_a
D:2:      kiku_gazebo_pond_becter, yredelemnul_forgotten_temple_becter,
          first_bread, kennysheep_small_spiral, uniq_robin
D:4:      kennysheep_little_box, minmay_temple_entry_glassed_door, serial_shops,
          shop
D:5:      uniq_menkaure
D:7:      serial_shops, shop, grunt_ogre_cave, moated_statue,
          grunt_gozag_statues
D:8:      old_standard_altar
D:9:      minmay_distorted_concentric_squares, eat_drink_and_be_merry_uskayaw,
          lair_entry_dummy, uniq_pikel
Temple:   minmay_crystal_spiral_temple

Skill      XL: |  1  2  3  4  5  6  7  8  9 10 |
---------------+-------------------------------+-----
Dodging        | 1 2 3 4 6 9 11 | 11.1
Fighting       | 3 4 |  4.0
Armour         | 4 |  4.1
Shields        | 4 |  4.1
Short Blades   | 1 2 3 4 |  4.2
Hexes          | 3 |  3.0
Spellcasting   | 4 5 |  5.0
Long Blades    | |  2.0

Action                   |  1- 3 |  4- 6 |  7- 9 | 10-12 || total
-------------------------+-------+-------+-------+-------++-------
Melee: Long sword        |    86 |   137 |       |       ||   223
       Dagger            |       |   137 |   379 |    75 ||   591
 Cast: Confusing Touch   |       |       |     1 |       ||     1
 Abil: Evoke Berserk Rag |       |       |     3 |     1 ||     4
  Use: Scroll            |       |    13 |     4 |       ||    17
 Stab: Sleeping          |       |     2 |     4 |       ||     6
  Eat: Chunk             |     1 |     8 |    13 |     3 ||    25
       Meat ration       |       |     1 |       |       ||     1
Armor: Scale mail        |    30 |    35 |       |       ||    65
       Animal skin       |       |    46 |    34 |     7 ||    87
Dodge: Dodged            |    31 |   136 |   263 |    48 ||   478
Block: Shield            |    43 |   170 |   226 |    34 ||   473
       Rpst.: Long sword |    11 |    21 |       |       ||    32

Table legend:
 A = Spawn XP
 B = Non-spawn XP
 C = Spawn XP percentage of total XP
 D = Spawn monster count
 E = Non-spawn monster count
 F = Spawn count percentage of total count
 G = Total turns spent on level
                    A         B        C        D         E        F      G
               +---------+---------+-------+---------+---------+-------+---------
         Total |     589 |    4730 |  11.1 |      25 |     163 |  13.3 |  9222
               +---------+---------+-------+---------+---------+-------+---------
           D:1 |       6 |      35 |  14.6 |       3 |      18 |  14.3 |   788
           D:2 |       8 |      91 |   8.1 |       4 |      23 |  14.8 |  1262
           D:3 |      11 |     438 |   2.4 |       7 |      32 |  17.9 |  2087
           D:4 |      38 |     227 |  14.3 |       2 |      20 |   9.1 |   852
           D:5 |       0 |      56 |   0.0 |       0 |       8 |   0.0 |   204
           D:6 |     295 |    1020 |  22.4 |       4 |      16 |  20.0 |  1377
           D:7 |       3 |    1060 |   0.3 |       1 |      23 |   4.2 |  1618
           D:8 |     228 |    1803 |  11.2 |       4 |      23 |  14.8 |   757
               +---------+---------+-------+---------+---------+-------+---------
